 Dungeon Crawl Stone Soup version 0.30-a0-1160-g6e42c06551 (webtiles) character file.

Game seed: 1159872901338794695

127877 olmar the Bludgeoner (level 16, -20/108 HPs)
             Began as a Gargoyle Fighter on Apr 27, 2023.
             Was an Initiate of Gozag.
             Demolished by a saltling (21 damage)
             ... in the Desolation of Salt.
             The game lasted 00:38:11 (21357 turns).

olmar the Bludgeoner (Gargoyle Fighter)            Turns: 21357, Time: 00:38:12

Health: -20/108    AC: 39    Str: 36    XL:     16   Next: 67%
Magic:  16/16      EV:  9    Int:  9    God:    Gozag
Gold:   2310       SH: 10    Dex:  9    Spells: 15/15 levels left

rFire   + . .        M - +5 flail "Bottys" {vamp, rC+}
rCold   + + +        L - +3 warlock's mirror {omnireflect}
rNeg    + + .        W - +1 crystal plate armour {rC+}
rPois   ∞            (no helmet)
rElec   +            I - scarf {rC+ rF+}
rCorr   .            o - +0 pair of gloves
SInv    .            B - +1 pair of boots
Will    +....        q - amulet of regeneration Stlth
                     E - +6 ring of strength
HPRegen 1.18/turn    c - ring "Xuzary" {rElec rN+ Str+2 Slay+3}
MPRegen 0.15/turn

%: reflection
@: about to teleport, flying, studying Ice Magic
A: sickness immunity, AC +12, big wings, negative energy resistance 1,
electricity resistance, torment resistance 1, petrification resistance
}: 1/15 runes: abyssal
a: Renounce Religion, Potion Petition, Call Merchant, Bribe Branch


You were in the Desolation of Salt.
You worshipped Gozag.
Gozag was most pleased with you.
You visited 5 branches of the dungeon, and saw 22 of its levels.
You visited the Abyss 1 time.
You also visited: Sewer, Bailey, Ice Cave and Desolation.

You collected 8271 gold pieces.
You spent 2041 gold pieces at shops.
You paid 3920 gold pieces to Gozag.

Inventory:

Hand Weapons
 F - a +1 whip of flaming
 M - the +5 flail "Bottys" (weapon) {vamp, rC+}
   (You found it on level 8 of the Dungeon)

   rC:        It protects you from cold.
 R - a +2 antimagic demon whip
Missiles
 D - 5 throwing nets (quivered)
Armour
 a - a +3 leather armour of cold resistance
 m - a scarf of shadows
 o - a +0 pair of gloves (worn)
 B - a +1 pair of boots (worn)
 C - a +2 scale mail of cold resistance
 I - a scarf of resistance (worn)
 L - the +3 warlock's mirror (worn) {omnireflect}
   (You acquired it on level 8 of the Dungeon)

   Omnireflect: It can block and reflect piercing ranged attacks and magical
   attacks against the wielder's willpower.
 W - a +1 crystal plate armour of cold resistance (worn)
 X - the +2 cloak of Resourcefulness {Str+2 Int+2}
   (You found it on level 5 of the Lair of Beasts)

   Str:       It affects your strength (+2).
   Int:       It affects your intelligence (+2).
Jewellery
 c - the ring "Xuzary" (right hand) {rElec rN+ Str+2 Slay+3}
   (You bought it in a shop on level 4 of the Lair of Beasts)

   [ring of positive energy]

   Str:       It affects your strength (+2).
   Slay:      It affects your accuracy & damage with ranged weapons and melee
   (+3).
   rElec:     It insulates you from electricity.
   rN:        It protects you from negative energy.
 q - an amulet of regeneration (around neck)
 E - a +6 ring of strength (left hand)
 P - a ring of fire
Wands
 g - a wand of roots (30)
 u - a wand of polymorph (5)
 H - a wand of mindburst (9)
 K - a wand of acid (19)
 Z - a wand of flame (27)
Scrolls
 h - 2 scrolls of brand weapon
 i - 3 scrolls of fear
 j - 4 scrolls of teleportation
 p - 7 scrolls of blinking
 r - 2 scrolls of summoning
 x - 2 scrolls of silence
 y - 7 scrolls of enchant armour
 z - 5 scrolls of fog
 A - 2 scrolls of magic mapping
 G - 2 scrolls of poison
 T - 2 scrolls of enchant weapon
 V - 2 scrolls of identify
Potions
 d - 2 potions of might
 k - 11 potions of curing
 l - 6 potions of magic
 n - 2 potions of invisibility
 s - 4 potions of berserk rage
 t - 2 potions of resistance
 v - 3 potions of degeneration
 w - 9 potions of mutation
 J - a potion of heal wounds
 N - a potion of lignification {unknown}
 O - 3 potions of flight
 S - 2 potions of brilliance
 U - 3 potions of haste {unknown}
Miscellaneous
 Q - a condenser vane
 Y - a lightning rod (3/4)


   Skills:
 + Level 15.1 Fighting
 + Level 16.2 Maces & Flails
 + Level 2.9 Throwing
 + Level 13.0 Armour
 + Level 8.5 Dodging
 + Level 6.9 Stealth
 + Level 14.1 Shields
 + Level 3.0 Evocations


You had 15 spell levels left.
You didn't know any spells.
Your spell library contained the following spells:

 Spells                   Type           Power      Damage    Failure   Level
 Freeze                   Ice            0%         1d3       99%         1
 Blink                    Tloc           0%         N/A       100%        2
 Lesser Beckoning         Tloc           0%         N/A       100%        2
 Momentum Strike          Conj/Tloc      0%         3d8       100%        2
 Poisonous Vapours        Pois/Air       0%         N/A       100%        2
 Dazzling Flash           Conj/Hex       0%         N/A       100%        3
 Frozen Ramparts          Ice            0%         1d1       100%        3
 Hailstorm                Conj/Ice       0%         3d3       100%        3
 Mephitic Cloud           Conj/Pois/Air  0%         N/A       100%        3
 Ozocubu's Armour         Ice            0%         N/A       100%        3
 Vhi's Electric Charge    Tloc/Air       0%         N/A       100%        3
 Manifold Assault         Tloc           0%         N/A       100%        4
 Agony                    Necr           0%         N/A       100%        5
 Arcjolt                  Conj/Air       0%         1d10      100%        5
 Freezing Cloud           Conj/Ice/Air   0%         6-21      100%        5
 Metabolic Englaciation   Hex/Ice        0%         N/A       100%        5
 Silence                  Hex/Air        0%         N/A       100%        5
 Plasma Beam              Fire/Air       0%         2x1d11    100%        6
 Haunt                    Necr/Summ      0%         N/A       100%        7
 Ozocubu's Refrigeration  Ice            0%         4d7       100%        7
 Storm Form               Tmut/Air       0%         N/A       100%        7
 Infestation              Necr           0%         N/A       100%        8
 Maxwell's Capacitive Co  Air            0%         ∞         100%        8
 Polar Vortex             Ice            0%         N/A       100%        9
 Animate Dead             Necr           Unusable   N/A       N/A         4
 Simulacrum               Ice/Necr       Unusable   N/A       N/A         6

Dungeon Overview and Level Annotations

Branches:
Dungeon (13/15)            Temple (1/1) D:5            Lair (5/5) D:10
  Swamp (0/4) Lair:3       Spider (0/4) Lair:2        Slime (0/5) Lair:5
    Orc (2/2) D:11            Elf (1/3) Orc:2        Vaults (0/5) D:13
  Sewer (visited)          Bailey (visited)           IceCv (visited)
Desolation (1/1)

Altars:
Ashenzari
Cheibriados
Dithmenos
Gozag
Hepliaklqana
Okawaru
Vehumet
Xom
Yredelemnul
The Shining One
Jiyva
Lugonu

Shops:
D:10 ?   Orc:1 :   Orc:2 *!*??   Elf:1 :   Lair:4 =   Lair:5 ((

Portals:
Abyss: Lair:5
Trove: D:13 (give +8 demon trident)

Annotations:
D:9 3 runed translucent doors, SirDiesAlot's ghost, journeyman FoVM


Innate Abilities, Weirdness & Mutations

You are immune to sickness and miasma.
Your stone body is resilient. (AC +12)
You are immune to poison.
Your large and strong wings let you fly.
You resist negative energy. (rN+)
You are resistant to electric shocks. (rElec)
You are resistant to unholy torment.
You are immune to petrification.


Message History

You block the saltling's attack.
A ragged hierophant comes into view. It is wielding a +0 whip.
The ragged hierophant casts a spell at you.
A blast of power from the earth and the saltlings strikes you!
The saltling hits you but does no damage.
The ragged hierophant shouts!
You sock the saltling!
The saltling is severely damaged.
The saltling hits you but does no damage.
The saltling hits you!!
Unknown command.
You hit the saltling but do no damage.
The saltling is severely damaged.
The saltling hits you but does no damage.
The ragged hierophant casts a spell at you.
A blast of power from the earth and the saltlings strikes you!
The saltling hits you but does no damage. x2
Unknown command.
As you read the scroll of teleportation, it crumbles to dust.
You feel strangely unstable. The saltling hits you!
You block the saltling's attack.
The ragged hierophant gestures at you while chanting.
A blast of power from the earth and the saltlings strikes you!
The saltling hits you but does no damage.
The saltling hits you!!
* * * LOW HITPOINT WARNING * * *
Unknown command.
The saltling attacks as you move away! The saltling barely misses you. x2
The peacekeeper roars a battlecry!
The saltling goes into a battle-frenzy!
The ragged hierophant casts a spell at you.
A blast of power from the earth and the saltling strikes you!
* * * LOW HITPOINT WARNING * * *
You feel much better. The saltling closely misses you. The saltling hits you!!
* * * LOW HITPOINT WARNING * * *
The saltling hits you!!
* * * LOW HITPOINT WARNING * * *
The saltling hits you!!
You die...
Your body crumbles into a pile of gold.

§§§§§§§.......................
§.§§§§..................§.....
..§§§..................§§§§...
a.......a............§§.§§§...
......9...............§.§§§...
.....................§§§§§§...
..........#...)....##.§§§§§§..
.......99$#a9........#§§.§§...
........9S999@9.........§.....
##############################
##############################
##############################
##############################
#############################
############################


You could see 2 ragged hierophants, a peacekeeper, a guardian serpent and 7
saltlings.

Vanquished Creatures
  2 deep elf sorcerers (Elf:1)
  A frost giant (IceCv)
  Nessos (D:13)
  A yellow draconian (Abyss:3)
  2 blizzard demons (Abyss:3)
  2 crystal guardians (Abyss:3)
  A merfolk impaler (Abyss:3)
  A ragged hierophant (Desolation)
  Harold (D:9)
  Erolcha (D:12)
  2 servants of whispers (Desolation)
  7 hydras
  4 vault guards (D:13)
  A peacekeeper (Desolation)
  3 catoblepae
  A boulder beetle (Lair:2)
  2 centaur warriors
  2 two-headed ogres
  2 dancing weapons (Elf:1)
  7 death yaks
  An orc high priest (Bailey)
  8 thrashing horrors
  A wretched star (Abyss:3)
  Lodul (D:13)
  A skyshark (Lair:5)
  A deep elf archer (Elf:1)
  A swamp dragon (shapeshifter) (Abyss:3)
  A lindwurm (Lair:4)
  An ironbound convoker (Desolation)
  Pikel (D:6)
  2 bog bodies (Lair:3)
  2 orc sorcerers
  4 orc knights
  7 ugly things
  A manticore (D:13)
  7 deep elf pyromancers
  5 deep elf zephyrmancers (Elf:1)
  A cyclops (D:12)
  23 elephants
  3 guardian serpents
  A black mamba (Lair:3)
  An ice statue (IceCv)
  2 smoke demons
  2 gargoyles (D:11)
  A guardian serpent (shapeshifter) (Abyss:3)
  7 cane toads
  9 unseen horrors
  3 kobold demonologists
  5 rime drakes (Lair:3)
  9 komodo dragons
  An efreet (Abyss:3)
  2 ancient zymes (Lair:5)
  2 trolls
  10 polar bears (IceCv)
  A hellwing (Abyss:3)
  A tyrant leech (Abyss:3)
  6 saltlings
  2 raiju (Abyss:3)
  Grinder (D:4)
  A hornet (D:8)
  5 dream sheep (Lair:5)
  27 blink frogs
  10 slime creatures
  A large abomination (Lair:5)
  A water elemental (Elf:1)
  3 ynoxinuls (Lair:5)
  5 wraiths
  2 spriggans (Lair:5)
  50 yaks
  11 wyverns
  2 humans (D:12)
  3 shadows
  A fire bat (shapeshifter) (Lair:5)
  6 basilisks
  A golden eye (shapeshifter) (D:13)
  A chaos spawn (Lair:5)
  A steam dragon (D:6)
  Menkaure (D:4)
  4 vampire mosquitoes (D:13)
  3 wargs
  A swamp worm (Lair:3)
  11 water moccasins
  3 acid dragons
  Duvessa (D:4)
  3 ice beasts
  49 orc warriors
  A black bear (Lair:2)
  13 ogres
  24 wolves
  18 centaurs
  2 phantoms
  4 kobold brigands
  10 bullfrogs
  2 gnoll sergeants
  4 scorpions
  10 small abominations
  7 wights (D:8)
  3 killer bees (D:9)
  Dowan (D:4)
  8 electric eels
  2 jellies (D:6)
  11 orc priests
  6 hounds
  6 iguanas
  Ijyb (D:4)
  4 hell rats (Lair:3)
  3 sleepcaps
  8 orc wizards
  12 gnolls
  10 adders
  A shadow imp (D:6)
  4 white imps
  3 worms
  A dart slug (D:5)
  88 orcs
  6 bats
  8 endoplasms
  13 hobgoblins
  5 quokkas
  9 ball pythons
  17 frilled lizards
  2 goblins
  27 kobolds
  9 rats
752 creatures vanquished.

Vanquished Creatures (others)
  An orc (Orc:1)
  15 fungi
  2 lurking horrors (Abyss:3)
  26 plants
  2 starspawn tentacles (Abyss:3)
46 creatures vanquished.

Grand Total: 798 creatures vanquished

Notes
Turn   | Place    | Note
-------+----------+-------------------------------------------
     0 | D:1      | olmar the Gargoyle Fighter began the quest for the Orb.
     0 | D:1      | Reached XP level 1. HP: 14/14 MP: 1/1
   310 | D:1      | Reached XP level 2. HP: 16/19 MP: 2/2
   830 | D:2      | Reached XP level 3. HP: 23/23 MP: 3/3
  1480 | D:3      | Found a faded altar of an unknown god.
  1496 | D:3      | Reached skill level 3 in Maces & Flails
  1510 | D:3      | Reached XP level 4. HP: 25/28 MP: 4/4
  1569 | D:3      | Found a glowing drain.
  1596 | Sewer    | Entered a sewer
  1860 | Sewer    | Reached skill level 1 in Dodging
  2114 | D:3      | Identified the +0 pair of boots "Qeutoex" {+Blink rF- rC+
                  | rN+++}
  2528 | D:3      | Reached XP level 5. HP: 33/33 MP: 5/5
  2810 | D:4      | Noticed Duvessa
  2811 | D:4      | Noticed Dowan
  2825 | D:4      | Killed Duvessa
  2826 | D:4      | Reached skill level 4 in Maces & Flails
  2826 | D:4      | Reached XP level 6. HP: 36/38 MP: 6/6
  2840 | D:4      | Killed Dowan
  2921 | D:4      | Noticed Ijyb
  2932 | D:4      | Killed Ijyb
  2999 | D:4      | Noticed Menkaure
  3010 | D:4      | Killed Menkaure
  3011 | D:4      | Reached skill level 5 in Fighting
  3011 | D:4      | Reached skill level 5 in Maces & Flails
  3011 | D:4      | Reached XP level 7. HP: 25/44 MP: 7/7
  3112 | D:4      | Found a broken altar of Ashenzari.
  3116 | D:4      | Found a basalt altar of Yredelemnul.
  3122 | D:4      | Found a snail-covered altar of Cheibriados.
  3308 | D:4      | Noticed Grinder
  3310 | D:4      | Paralysed by Grinder for 2 turns
  3318 | D:4      | Paralysed by Grinder for 4 turns
  3327 | D:4      | Killed Grinder
  3328 | D:4      | Reached skill level 5 in Armour
  3709 | D:5      | Entered Level 5 of the Dungeon
  3710 | D:5      | Found a staircase to the Ecumenical Temple.
  3718 | Temple   | Entered the Ecumenical Temple
  3725 | Temple   | Became a worshipper of Gozag Ym Sagoz the Greedy
  3744 | D:5      | Reached XP level 8. HP: 41/51 MP: 8/8
  3748 | D:5      | Reached skill level 6 in Maces & Flails
  3837 | D:5      | Found a shadowy altar of Dithmenos.
  4470 | D:6      | Reached skill level 7 in Maces & Flails
  4569 | D:6      | Noticed Pikel
  4577 | D:6      | Reached XP level 9. HP: 56/56 MP: 9/9
  4582 | D:6      | Killed Pikel
  4583 | D:6      | Reached skill level 8 in Maces & Flails
  4583 | D:6      | Reached skill level 1 in Stealth
  5230 | D:7      | Reached skill level 5 in Shields
  5276 | D:7      | Found a flagged portal.
  5292 | Bailey   | Entered a bailey
  5386 | Bailey   | Reached skill level 9 in Maces & Flails
  5428 | Bailey   | Reached XP level 10. HP: 60/63 MP: 10/10
  5460 | Bailey   | Found an iron altar of Okawaru.
  5460 | Bailey   | Noticed a kobold demonologist
  5461 | Bailey   | Noticed an orc high priest
  5465 | Bailey   | Noticed a rust devil
  5496 | Bailey   | Killed an orc high priest
  5505 | Bailey   | Killed a kobold demonologist
  5811 | Bailey   | Reached skill level 10 in Maces & Flails
  6050 | D:7      | Reached skill level 5 in Dodging
  6050 | D:7      | Reached XP level 11. HP: 71/71 MP: 11/11
  6772 | D:8      | Acquired the +3 warlock's mirror {omnireflect}
  6772 | D:8      | Found the +3 warlock's mirror {omnireflect}
  6991 | D:8      | Identified the +5 flail "Bottys" {vamp, rC+}
  7176 | D:8      | Reached skill level 11 in Maces & Flails
  7473 | D:9      | Noticed Harold
  7482 | D:9      | Killed Harold
  7483 | D:9      | Noticed Maurice
  7495 | D:9      | Noticed a two-headed ogre
  7499 | D:9      | Reached XP level 12. HP: 76/76 MP: 12/12
  7505 | D:9      | Killed a two-headed ogre
  7513 | D:9      | Noticed Maurice
  7514 | D:9      | Reached skill level 5 in Stealth
  7548 | D:9      | Killed Maurice the centaur
  7598 | D:9      | Found a runed translucent gate.
  7598 | D:9      | Found a runed translucent gate.
  7598 | D:9      | Found a runed translucent gate.
  7882 | D:9      | Noticed SirDiesAlot's ghost (journeyman FoVM)
  8127 | D:10     | Entered Level 10 of the Dungeon
  8269 | D:10     | You fall into a shaft and drop 1 floor!
  8269 | D:11     | Found a radiant altar of Vehumet.
  8526 | D:10     | Noticed a sun demon
  8747 | D:10     | Found a staircase to the Lair.
  8814 | D:10     | Reached skill level 12 in Maces & Flails
  8959 | D:10     | Found Qupydos's Magic Scroll Shoppe.
  8963 | D:10     | Bought a scroll of fog for 52 gold pieces
  8963 | D:10     | Bought a scroll of enchant armour for 97 gold pieces
  9156 | Lair:1   | Entered Level 1 of the Lair of Beasts
  9302 | Lair:1   | Reached skill level 10 in Fighting
 10211 | Lair:2   | Reached XP level 13. HP: 83/83 MP: 13/13
 10366 | Lair:2   | Reached skill level 10 in Armour
 10409 | Lair:2   | Found a hole to the Spider Nest.
 10588 | Lair:2   | Reached skill level 13 in Maces & Flails
 11200 | Lair:3   | Found a staircase to the Swamp.
 12071 | Lair:4   | Bought the ring "Xuzary" {rElec rN+ Str+2 Slay+3} for 660
                  | gold pieces
 13184 | Lair:5   | Entered Level 5 of the Lair of Beasts
 13199 | Lair:5   | Reached skill level 14 in Maces & Flails
 13278 | Lair:5   | Reached skill level 10 in Shields
 13278 | Lair:5   | Gained mutation: Your large and strong wings let you fly.
                  | [Gargoyle growth]
 13278 | Lair:5   | Reached XP level 14. HP: 90/90 MP: 14/14
 13419 | Lair:5   | Found a viscous altar of Jiyva.
 13419 | Lair:5   | Found a staircase to the Slime Pits.
 14073 | Lair:5   | Identified the +2 cloak of Resourcefulness {Str+2 Int+2}
 15008 | Lair:5   | Found a corrupted altar of Lugonu.
 15008 | Lair:5   | Found a one-way gate to the infinite horrors of the Abyss.
 15465 | D:11     | Found a staircase to the Orcish Mines.
 15754 | D:11     | Reached XP level 15. HP: 92/98 MP: 15/15
 16023 | D:12     | Reached skill level 15 in Maces & Flails
 16368 | D:12     | Noticed Erolcha
 16381 | D:12     | Killed Erolcha
 16389 | D:12     | Found an iron altar of Okawaru.
 16802 | D:13     | Found a portal to a secret trove of treasure.
 17063 | D:13     | Noticed Lodul
 17075 | D:13     | Killed Lodul
 17293 | D:13     | Noticed Nessos
 17305 | D:13     | Killed Nessos
 17552 | D:13     | Found a gate to the Vaults.
 17635 | D:13     | Found a glowing golden altar of the Shining One.
 17902 | Orc:1    | Entered Level 1 of the Orcish Mines
 17903 | Orc:1    | Found Wihios's Book Emporium.
 18529 | Orc:2    | Entered Level 2 of the Orcish Mines
 18542 | Orc:2    | Found a frozen archway.
 18551 | Orc:2    | Bought a scroll of teleportation for 30 gold pieces
 18551 | Orc:2    | Bought a scroll of teleportation for 30 gold pieces
 18551 | Orc:2    | Bought a scroll of identify for 20 gold pieces
 18551 | Orc:2    | Bought a +3 leather armour of cold resistance for 240 gold
                  | pieces
 18566 | IceCv    | Entered an ice cave
 18817 | IceCv    | Noticed a frost giant
 18857 | IceCv    | Killed a frost giant
 19293 | Orc:2    | Found a staircase to the Elven Halls.
 19634 | Orc:2    | Paralysed by an orc sorcerer for 5 turns
 19743 | Orc:2    | Reached XP level 16. HP: 106/106 MP: 16/16
 20069 | Orc:2    | Found Gaett's Magic Scroll Boutique.
 20069 | Orc:2    | Found Ucouth's General Store.
 20069 | Orc:2    | Found Omaxacu's Distillery.
 20072 | Orc:2    | Found Jetypas's Magic Scroll Shop.
 20265 | Orc:2    | Bought a potion of mutation for 128 gold pieces
 20267 | Orc:2    | Bought a potion of brilliance for 56 gold pieces
 20267 | Orc:2    | Bought a potion of heal wounds for 70 gold pieces
 20267 | Orc:2    | Bought a potion of degeneration for 14 gold pieces
 20267 | Orc:2    | Bought a potion of curing for 42 gold pieces
 20267 | Orc:2    | Bought a potion of curing for 42 gold pieces
 20267 | Orc:2    | Bought a potion of might for 56 gold pieces
 20267 | Orc:2    | Bought 2 potions of berserk rage for 140 gold pieces
 20272 | Orc:2    | Bought a scroll of fear for 56 gold pieces
 20272 | Orc:2    | Bought a scroll of blinking for 105 gold pieces
 20272 | Orc:2    | Bought a scroll of fear for 56 gold pieces
 20272 | Orc:2    | Bought a scroll of blinking for 105 gold pieces
 20272 | Orc:2    | Bought a scroll of teleportation for 42 gold pieces
 20530 | Elf:1    | Entered Level 1 of the Elven Halls
 20530 | Elf:1    | Found a runed translucent gate.
 20530 | Elf:1    | Found a runed translucent gate.
 20530 | Elf:1    | Found a runed translucent gate.
 20530 | Elf:1    | Found a runed translucent gate.
 20530 | Elf:1    | Found a runed translucent gate.
 20530 | Elf:1    | Found a runed translucent gate.
 20534 | Elf:1    | Found a runed translucent door.
 20567 | Elf:1    | Found a runed translucent door.
 20581 | Abyss:3  | Cast into level 3 of the Abyss (a deep elf sorcerer)
 20637 | Abyss:3  | Noticed a tentacled starspawn
 20673 | Abyss:3  | Found a corrupted altar of Lugonu.
 20844 | Abyss:3  | Reached skill level 16 in Maces & Flails
 20909 | Abyss:3  | Got an abyssal rune of Zot
 20931 | Elf:1    | Escaped the Abyss
 21062 | Elf:1    | Reached skill level 15 in Fighting
 21109 | Elf:1    | Found Maola's Tiny Tomes.
 21150 | Elf:1    | Found a crumbling gateway.
 21188 | Desolati | Entered the Desolation of Salt
 21357 | Desolati | HP: 1/108 [saltling (19)]
 21357 | Desolati | Demolished by a saltling

Illustrated notes

Levels and vault maps discovered:
D:1:      erik_arrival_orb_chamber, layout_loops_cross,
          chequers_serial_rivers_micro_c
D:2:      layout_loops_ring
D:3:      layout_loops_corners, portal_sewer_entry_a,
          nicolae_ecumenical_snake_handling
D:4:      layout_basic, grunt_temple_overflow_diamond, uniq_ijyb, uniq_grinder,
          uniq_duvessa, uniq_menkaure
D:5:      layout_basic, grunt_dithmenos_smoke, minmay_temple_entry_overgrown,
          minmay_lizard_king
D:6:      minmay_inner_zag, layout_basic, lexackson_kobold_supper, uniq_pikel
D:7:      layout_cave_pods, enter_bailey_2
D:8:      layout_basic, special_room [special_room_orc], minmay_misc_feat_iff
D:9:      layout_cave_pools, gammafunk_ghost_icy, uniq_maurice, uniq_harold
D:10:     layout_gridville, erik_lair_island, serial_shops, shop
D:11:     layout_irregular_city, david_orc_2, nicolae_vehumet_radiance
D:12:     layout_gridville, okawaru_humans, uniq_erolcha
D:13:     layout_loops_ring, lightli_vaults_fourway_checkpoint,
          nicolae_trove_entry_crossroad, tso_oasis_becter, uniq_lodul,
          uniq_nessos
Temple:   regret_index_temple_chain_breaker
Lair:1:   layout_hall_layers, chequers_serial_rivers_micro_c,
          infiniplex_staircase_pool_2
Lair:2:   layout_regular_city, dummy_spider_entry, beast_lair_carwin_6,
          serial_bayou_shore_b, grunt_megastairs_1
Lair:3:   layout_small_grid, nicolae_swamp_entry_splash_gauntlet, special_room
          [special_room_mythical_zoo], serial_bayou_shore_a
Lair:4:   layout_cave_pods
Lair:5:   hellmonk_lair_end_abyssal_woods, layout_cave_pods,
          dpeg_slime_entry_corner, chequers_serial_rivers_room_a
Orc:1:    layout_caves, basic_altar, serial_shops, nicolae_shop_crystal
Orc:2:    st_orc_rangers, layout_diamond_mine, portal_ice_cave_entry_pillars_1,
          basic_altar
Elf:1:    nicolae_elf_arrival_dilemma, layout_geoelf_grid, serial_shops, shop,
          portal_desolation_entry_nicolae_nacl, kennysheep_underground_church,
          nicolae_shop_i_like_small_books_too
Desolation

Skill      XL: |  1  2  3  4  5  6  7  8  9 10 11 12 13 14 15 16 |
---------------+-------------------------------------------------+-----
Maces & Flails | 3 4 5 7 9 10 11 12 14 15 16 | 16.2
Dodging        | 1 2 3 5 6 7 8 |  8.5
Armour         | 4 5 6 7 8 9 10 11 12 13 | 13.0
Fighting       | 4 5 6 7 9 10 11 13 14 15 | 15.1
Shields        | 4 5 7 8 10 11 13 14 | 14.1
Stealth        | 1 4 5 6 |  6.9
Throwing       | 2 |  2.9
Evocations     | 2 3 |  3.0

Action                     |  1- 3 |  4- 6 |  7- 9 | 10-12 | 13-15 | 16-18 || total
---------------------------+-------+-------+-------+-------+-------+-------++-------
  Melee: Flail             |   121 |   158 |   273 |   701 |  1658 |   391 ||  3302
  Throw: Throwing net      |       |       |       |     3 |     3 |       ||     6
 Invoke: Call Merchant     |       |       |       |       |     4 |       ||     4
         Potion Petition   |       |       |       |       |       |     1 ||     1
  Evoke: Wand              |       |       |     4 |     5 |     2 |       ||    11
         Condenser vane    |       |       |       |       |     3 |       ||     3
         Lightning rod     |       |       |       |       |       |     1 ||     1
    Use: Scroll            |     7 |       |     2 |     6 |    13 |     4 ||    32
         Potion            |       |     1 |     1 |     1 |     1 |     5 ||     9
   Stab: Distracted        |       |       |     1 |       |    11 |     1 ||    13
         Held in net/web   |       |       |       |     5 |       |       ||     5
         Petrifying        |       |       |       |     1 |       |       ||     1
         Petrified         |       |       |       |     1 |       |       ||     1
         Sleeping          |       |       |       |       |     3 |       ||     3
         Confused          |       |       |       |       |     1 |       ||     1
         Invisible         |       |       |       |       |       |     3 ||     3
 Armour: Scale mail        |    87 |    99 |   107 |   277 |   691 |       ||  1261
         Crystal plate arm |       |       |       |       |   151 |   350 ||   501
         Leather armour    |       |       |       |       |    12 |       ||    12
  Dodge: Dodged            |    85 |    78 |   134 |   291 |   778 |   159 ||  1525
  Block: Buckler           |    25 |    34 |    49 |   257 |   780 |   215 ||  1360
         Reflection        |       |       |       |    11 |    68 |    33 ||   112

Table legend: (Time is in decaauts)
 A = Elapsed time spent in this place.
 B = Non-inter-level travel time spent in this place.
 C = Inter-level travel time spent in this place.
 D = Time resting spent in this place.
 E = Time spent auto-exploring this place.
 F = Levels seen in this place.
 G = Mean time per level.
                   A        B        C        D        E       F      G
               +--------+--------+--------+--------+--------+-----+--------+
         Total |  20912 |  19935 |    977 |    658 |  13671 |  27 |  774.5 |
       Dungeon |  10544 |   9975 |    569 |     67 |   7680 |  13 |  811.1 |
        Temple |     14 |     14 |      0 |      0 |      0 |   1 |   14.0 |
          Lair |   5882 |   5579 |    303 |    345 |   4011 |   5 | 1176.4 |
  Orcish Mines |   1842 |   1738 |    104 |    161 |   1174 |   2 |  921.0 |
   Elven Halls |    286 |    286 |      0 |      0 |      0 |   1 |  286.0 |
         Abyss |    303 |    303 |      0 |      4 |      0 |   1 |  303.0 |
         Sewer |    505 |    505 |      0 |      0 |    284 |   1 |  505.0 |
        Bailey |    765 |    765 |      0 |     72 |    259 |   1 |  765.0 |
      Ice Cave |    623 |    623 |      0 |      0 |    261 |   1 |  623.0 |
    Desolation |    144 |    144 |      0 |      9 |      1 |   1 |  144.0 |
               +--------+--------+--------+--------+--------+-----+--------+

Top non-repeatable levels by time:
  Lair:5: 1863 daAuts
   Orc:2: 1269 daAuts
  Lair:4: 1106 daAuts
  Lair:3: 1067 daAuts
    D:13: 999 daAuts
  Lair:2: 971 daAuts
     D:4: 969 daAuts
    D:11: 946 daAuts
     D:6: 940 daAuts
     D:3: 937 daAuts
  Lair:1: 873 daAuts
    D:10: 797 daAuts
     D:7: 782 daAuts
  Bailey: 765 daAuts
     D:1: 761 daAuts
